 Dungeon Crawl Stone Soup version 0.25-a0-975-gcae8493d64 (webtiles) character file.

Game seed: 5691412536831345397, levelgen mode: deterministic

4250 Flugslaktarn the Cleaver (level 10, -4/90 HPs)
             Began as a Hill Orc Fighter on May 9, 2020.
             Was a Priest of Okawaru.
             Slain by a spatial maelstrom (12 damage)
             ... on level 2 of the Abyss.
             The game lasted 00:05:19 (11030 turns).

Flugslaktarn the Cleaver (Hill Orc Fighter)        Turns: 11030, Time: 00:05:19

Health: -4/90      AC: 14    Str: 20    XL:     10   Next: 31%
Magic:  0/14       EV:  6    Int:  8    God:    Okawaru [***...]
Gold:   632        SH: 10    Dex: 13    Spells: 9/9 levels left

rFire    . . .     SeeInvis .   B - +2 war axe (vorpal)
rCold    . . .     Gourm    .   c - +0 kite shield
rNeg     . . .     Faith    .   o - +0 chain mail
rPois    .         Spirit   .   n - +0 helmet
rElec    .         Reflect  .   s - +0 cloak
rCorr    +         Harm     +   (no gloves)
MR       +....                  j - +0 pair of boots
Stlth    ..........             l - amulet of harm
HPRegen  0.25/turn              m - ring of protection from magic
MPRegen  0.14/turn              k - ring of resist corrosion

@: about to teleport
A: no striking features
a: Heroism, Renounce Religion


You were on level 2 of the Abyss.
You worshipped Okawaru.
Okawaru was most pleased with you.
You were not hungry.

You visited 2 branches of the dungeon, and saw 10 of its levels.
You visited the Abyss 1 time.

You collected 632 gold pieces.

Inventory:

Hand Weapons
 B - a +2 vorpal war axe (weapon)
   (You found it on level 8 of the Dungeon)
Missiles
 u - 2 throwing nets (quivered)
Armour
 c - a +0 kite shield (worn)
 j - a +0 pair of boots (worn)
   (You found it on level 1 of the Dungeon)
 n - a +0 helmet (worn)
   (You found it on level 2 of the Dungeon)
 o - a +0 chain mail (worn)
   (You took it off an orc on level 4 of the Dungeon)
 s - a +0 cloak (worn)
   (You found it on level 4 of the Dungeon)
Jewellery
 k - a ring of resist corrosion (right hand)
   (You found it on level 8 of the Dungeon)
 l - an amulet of harm (around neck)
   (You took it off an orc on level 6 of the Dungeon)
 m - a ring of protection from magic (left hand)
   (You found it on level 6 of the Dungeon)
Wands
 v - a wand of digging (5)
   (You found it on level 7 of the Dungeon)
 y - a wand of iceblast (20)
   (You found it on level 7 of the Dungeon)
Scrolls
 f - 2 scrolls of silence {unknown}
 g - 2 scrolls of enchant armour {unknown}
 r - 3 scrolls of identify
 t - 11 scrolls of teleportation
 x - 4 scrolls of remove curse
 z - a scroll of amnesia {unknown}
Potions
 a - a potion of resistance {unknown}
 b - a potion of lignification
 d - 2 potions of might
 h - a potion of haste
 i - 3 potions of flight {unknown}
 p - 5 potions of cancellation {unknown}
 q - 5 potions of curing
 w - a potion of berserk rage {unknown}
 A - a potion of brilliance {unknown}
Comestibles
 e - 12 rations
 C - a chunk of flesh


   Skills:
 + Level 8.7 Fighting
 * Level 12.1 Axes
 + Level 7.9 Armour
 - Level 5.4 Shields
 + Level 6.6 Invocations


You had 9 spell levels left.
You didn't know any spells.
Your spell library was empty.

Dungeon Overview and Level Annotations

Branches:
Dungeon (9/15)             Temple (1/1) D:4            Lair (0/6) D:8
    Orc: D:9-12

Altars:
Ashenzari
Cheibriados
Dithmenos
Elyvilon
Fedhas
Gozag
Hepliaklqana
Kikubaaqudgha
Makhleb
Nemelex Xobeh
Okawaru
Qazlal
Ru
Sif Muna
Trog
Uskayaw
Vehumet
Wu Jian
Xom
Yredelemnul
Zin
The Shining One

Shops:
D:5 ?   D:6 =

Annotations:
D:9 2 transporters, Psyche; kae's ghost, novice DsFi


Message History

You block the spatial maelstrom's attack.
The eye of draining gazes at you.
You block the spatial maelstrom's attack.
The spatial maelstrom hits you!
* * * LOW HITPOINT WARNING * * *
Space warps horribly around you!
* * * LOW HITPOINT WARNING * * *
There is an empty arch of ancient stone here.
Okay, then.
As you read the scroll of teleportation, it crumbles to dust.
You feel strangely unstable.
You feel the power of the Abyss delaying your translocation!
Your attacks no longer feel as feeble.
You block the spatial maelstrom's attack.
The spatial maelstrom hits you but does no damage.
The eye of draining gazes at you.
You feel your power leaking away.
Unknown command.
The spatial maelstrom hits you!
You die...

....#....#### #...
..#......# #.. .
...#....# .# .#
.#..... #
##.#..###.......#
#...#...#...#..# .. .
#...∩....#...#....
#...##########....
'....
#.....@v.∩........#...
..#..#####.G...... #
v. # ###...#. .#
#####... . ..# ....# .
...#


You could see a spatial maelstrom and an eye of draining.

Vanquished Creatures
  Pikel (D:6)
  A cyclops (D:8)
  Maggie (D:6)
  An orange demon (Abyss:2)
  Prince Ribbit (D:5)
  A hippogriff (D:7)
  An orc warrior (D:8)
  3 ice beasts (D:7)
  2 phantoms
  3 ogres
  2 centaurs
  A crocodile (D:8)
  2 bullfrogs (D:7)
  2 wyvern zombies
  3 scorpions
  A water moccasin skeleton (D:5)
  3 wights (D:6)
  A centaur zombie (D:7)
  A hound (D:5)
  A jelly (D:5)
  6 orc priests
  5 orc wizards
  Jessica (D:3)
  4 worker ants
  Terence (D:2)
  2 iguanas
  3 worker ant zombies
  Robin (D:3)
  7 adders
  6 gnolls
  A shadow imp (D:8)
  3 adder skeletons
  A worm (D:3)
  4 dart slugs (D:1)
  6 leopard geckos
  32 orcs
  5 giant cockroaches
  14 goblins
  14 hobgoblins
  11 jackals
  3 quokkas
  2 ball pythons
  6 bats
  13 frilled lizards
  5 kobolds
  A leopard gecko zombie (D:7)
  13 rats
202 creatures vanquished.

Vanquished Creatures (others)
  A slave (D:6)
1 creature vanquished.

Grand Total: 203 creatures vanquished

Notes
Turn   | Place    | Note
-------+----------+-------------------------------------------
     0 | D:1      | Flugslaktarn the Hill Orc Fighter began the quest for the
                  | Orb.
     0 | D:1      | Reached XP level 1. HP: 19/19 MP: 1/1
   123 | D:1      | Reached skill level 3 in Axes
   241 | D:1      | Reached XP level 2. HP: 27/27 MP: 2/2
   300 | D:1      | Reached XP level 3. HP: 21/33 MP: 3/3
   990 | D:1      | Reached skill level 4 in Axes
  1172 | D:2      | Noticed Terence
  1183 | D:2      | Killed Terence
  1183 | D:2      | Reached XP level 4. HP: 29/40 MP: 4/4
  1437 | D:2      | Reached XP level 5. HP: 34/47 MP: 5/5
  2017 | D:2      | Reached skill level 5 in Axes
  2741 | D:3      | Noticed Jessica
  2756 | D:3      | Killed Jessica
  2756 | D:3      | Reached XP level 6. HP: 40/53 MP: 6/6
  2843 | D:3      | Noticed Robin
  2852 | D:3      | Killed Robin
  2910 | D:3      | Found a glowing silver altar of Zin.
  3259 | D:4      | Found a staircase to the Ecumenical Temple.
  3279 | Temple   | Entered the Ecumenical Temple
  3469 | D:4      | Reached skill level 5 in Fighting
  3469 | D:4      | Reached skill level 6 in Axes
  3492 | D:4      | Found a blossoming altar of Fedhas.
  3525 | D:4      | Reached XP level 7. HP: 22/61 MP: 7/7
  3925 | D:4      | Found a white marble altar of Elyvilon.
  4045 | D:4      | Reached skill level 5 in Armour
  4152 | D:4      | Reached skill level 7 in Axes
  4495 | D:5      | Entered Level 5 of the Dungeon
  4524 | D:5      | Found Tuivudant's Magic Scroll Shop.
  4570 | D:5      | Reached skill level 5 in Shields
  4823 | D:5      | Noticed Prince Ribbit
  5345 | D:5      | Found an iron altar of Okawaru.
  5348 | D:5      | Reached XP level 8. HP: 67/70 MP: 8/8
  5362 | D:5      | Became a worshipper of Warmaster Okawaru
  5455 | D:5      | Killed Prince Ribbit
  5455 | D:5      | Reached skill level 8 in Axes
  5455 | D:5      | Reached skill level 1 in Invocations
  6446 | D:6      | Found Loellecsath's Jewellery Shoppe.
  6534 | D:6      | Reached skill level 9 in Axes
  6841 | D:6      | Noticed Pikel
  6863 | D:6      | Killed Pikel
  6863 | D:6      | Reached * piety under Okawaru
  6863 | D:6      | Reached XP level 9. HP: 51/79 MP: 10/12
  6869 | D:6      | Reached skill level 10 in Axes
  7230 | D:6      | Noticed Maggie
  7255 | D:6      | Killed Maggie
  7255 | D:6      | Reached ** piety under Okawaru
  8104 | D:7      | Reached skill level 5 in Invocations
  8570 | D:7      | Reached skill level 11 in Axes
  8962 | D:7      | Found a hazy altar of Hepliaklqana.
  9654 | D:8      | Found a radiant altar of Vehumet.
  9654 | D:8      | Found a faded altar of an unknown god.
  9659 | D:8      | Found a faded altar of an unknown god.
  9661 | D:8      | Found a hide-covered altar of Uskayaw.
  9663 | D:8      | Found a burning altar of Makhleb.
  9720 | D:8      | Found a staircase to the Lair.
 10034 | D:8      | Found an ancient bone altar of Kikubaaqudgha.
 10085 | D:8      | Reached XP level 10. HP: 32/88 MP: 14/14
 10569 | D:8      | Noticed a cyclops
 10577 | D:8      | Killed a cyclops
 10577 | D:8      | Reached *** piety under Okawaru
 10797 | D:8      | Reached skill level 12 in Axes
 10934 | D:9      | Found a transporter.
 10938 | D:9      | Found a transporter.
 10938 | D:9      | Noticed kae's ghost (novice DsFi)
 10959 | D:9      | Noticed Psyche
 10973 | D:9      | Cast into level 2 of the Abyss (Psyche)
 11000 | Abyss:2  | Noticed an orange demon
 11012 | Abyss:2  | Killed an orange demon
 11013 | Abyss:2  | Noticed a spatial maelstrom
 11030 | Abyss:2  | Slain by a spatial maelstrom

Illustrated notes

Levels and vault maps discovered:
D:1:      shiori_arrival_oz, layout_basic, minmay_lizard_king
D:2:      layout_loops_corners, uniq_terence
D:3:      layout_loops_ring, marbit_many_paths, first_ration, minivault_26,
          uniq_robin, uniq_crazy_yiuf_cottage, uniq_jessica
D:4:      layout_loops_cross, lemuel_round_altar, minmay_temple_entry_junction,
          fedhas_altar_1
D:5:      layout_basic, lemuel_round_altar, serial_shops, shop,
          minmay_quadrilaterals, uniq_prince_ribbit1
D:6:      layout_basic, lightli_ossuary_entry_decrepit_ruins, serial_shops,
          shop, uniq_maggie, uniq_pikel
D:7:      layout_gridville, kennysheep_mini
D:8:      layout_loops_ring, lemuel_crystal_altar,
          chequers_temple_overflow_minitemple, lair_entry_dummy,
          minmay_three_doors
D:9:      layout_small_grid, orc_0_dummy, gammafunk_ghost_hive,
          hangedman_pestilent_swarm, vehumet_altar_wand_db, uniq_psyche
Temple:   eino_narrow_crystal_temple
Abyss:2:  base:
D:7

Skill      XL: |  1  2  3  4  5  6  7  8  9 10 |
---------------+-------------------------------+-----
Axes           | 3 4 5 6 7 9 11 12 | 12.1
Fighting       | 4 5 7 8 |  8.7
Armour         | 4 5 6 7 |  7.9
Shields        | 4 5 |  5.4
Invocations    | 4 5 6 |  6.6

Action                   |  1- 3 |  4- 6 |  7- 9 | 10-12 || total
-------------------------+-------+-------+-------+-------++-------
Melee: War axe           |   132 |   178 |   442 |    46 ||   798
Evoke: Wand              |       |       |       |     5 ||     5
  Use: Potion            |       |     1 |     3 |       ||     4
       Scroll            |       |       |    13 |     1 ||    14
  Eat: Chunk             |     1 |     8 |    21 |     3 ||    33
Armor: Scale mail        |    56 |    79 |    18 |       ||   153
       Chain mail        |       |       |   173 |    23 ||   196
Dodge: Dodged            |    43 |    38 |    73 |     9 ||   163
Block: Kite shield       |    79 |    92 |   174 |    18 ||   363

Table legend:
 A = Non-vault XP
 B = Vault XP
 C = Vault XP percentage of total XP
 D = Non-vault monster count
 E = Vault monster count
 F = Vault count percentage of total count
                 A         B        C        D         E       F
            +---------+---------+-------+---------+---------+-------
      Total |    3816 |    2256 |  37.2 |     173 |      29 |  14.4
            +---------+---------+-------+---------+---------+-------
        D:1 |      56 |      14 |  20.0 |      31 |      11 |  26.2
        D:2 |     101 |      36 |  26.3 |      22 |       1 |   4.3
        D:3 |     125 |      64 |  33.9 |      26 |       8 |  23.5
        D:4 |     482 |       0 |   0.0 |      17 |       0 |   0.0
        D:5 |     429 |     540 |  55.7 |      12 |       4 |  25.0
        D:6 |     448 |    1025 |  69.6 |      19 |       2 |   9.5
        D:7 |    1211 |       0 |   0.0 |      28 |       0 |   0.0
        D:8 |     548 |     577 |  51.3 |      17 |       3 |  15.0
    Abyss:2 |     416 |       0 |   0.0 |       1 |       0 |   0.0
            +---------+---------+-------+---------+---------+-------
